 Dungeon Crawl Stone Soup version 0.20.1-1-g8b1a95d (webtiles) character file.

187 Michaellaneous the Conjurer (level 5, -7/28 HPs)
             Began as a Deep Elf Conjurer on Oct 25, 2017.
             Killed themself with a badly aimed iceblast (12 damage)
             ... on level 3 of the Dungeon.
             The game lasted 00:30:10 (2879 turns).

Michaellaneous the Conjurer (Deep Elf Conjurer)     Turns: 2879, Time: 00:30:10

Health: -7/28      AC:  4    Str:  5    XL:     5   Next: 39%
Magic:  2/14       EV: 14    Int: 21    God:
Gold:   98         SH:  0    Dex: 15    Spells: 8/14 levels left

rFire    . . .     SeeInvis .   t - +1 short sword
rCold    . . .     Gourm    .   (no shield)
rNeg     . . .     Faith    .   a - +1 robe
rPois    .         Spirit   .   (no helmet)
rElec    .         Reflect  .   (no cloak)
rCorr    .         Harm     +   p - +0 pair of gloves
MR       .....                  (no boots)
Stlth    ++........             n - amulet of harm
Regen    0.1/turn               (no ring)
MPRegen  0.2/turn               (no ring)

@: no status effects
A: no striking features
a: no special abilities


You were on level 3 of the Dungeon.
You were not hungry.

You visited 1 branch of the dungeon, and saw 3 of its levels.

You collected 98 gold pieces.

Inventory:

Hand Weapons
 t - a +1 short sword (weapon)
Missiles
 d - 46 arrows
 e - 32 poisoned needles (quivered)
 i - 12 stones
 j - 15 sling bullets
 r - 5 needles of confusion
Armour
 a - a +1 robe (worn)
 p - a +0 pair of gloves (worn)
Jewellery
 n - an amulet of harm (around neck)
Wands
 w - a wand of iceblast (8/15)
Scrolls
 g - a scroll of blinking {unknown}
 h - 3 scrolls of remove curse
 o - a scroll of enchant armour
 v - a scroll of enchant weapon
 x - a scroll of fog {unknown}
 y - a scroll of identify {unknown}
Potions
 k - a potion of curing {unknown}
 m - a potion of flight {unknown}
 q - a potion of invisibility {unknown}
 s - a potion of might {unknown}
Books
 b - a book of Conjurations

   Spells                             Type                      Level
   a - Magic Dart                     Conjuration                  1
   b - Searing Ray                    Conjuration                  2
   c - Dazzling Spray                 Conjuration/Hexes            3
   d - Fulminant Prism                Conjuration/Hexes            4
   e - Force Lance                    Conjuration/Translocation    4
   f - Iskenderun's Mystic Blast      Conjuration                  4
Comestibles
 c - a bread ration
 f - 5 fruits
 l - a royal jelly
 u - 2 meat rations
 z - 4 chunks of flesh


   Skills:
 + Level 3.5 Dodging
 - Level 2.4 Stealth
 * Level 5.2 Spellcasting
 * Level 5.9 Conjurations


You had 8 spell levels left.
You knew the following spells:

 Your Spells              Type           Power        Failure   Level  Hunger
a - Magic Dart            Conj           ####         1%          1    None
b - Searing Ray           Conj           ####..       1%          2    None
c - Dazzling Spray        Conj/Hex       ###...       10%         3    ##.....


Dungeon Overview and Level Annotations

Branches:
Dungeon (3/15)

Altars:


Message History

The searing ray hits the orc priest.
The orc priest is lightly wounded.
You finish channeling your searing ray.
The orc priest hits you with a flail.
* * * LOW HITPOINT WARNING * * *
Aiming: Iceblast (will waste charges)
Press: ? - help, Shift-Dir - straight line, f - orc priest
Aim: an orc priest, wielding a flail and wearing a chain mail (lightly wounded) That beam is likely to hit you.
Continue anyway? [Y]es or [N]o only, please.
That beam is likely to hit you.
Continue anyway?
Okay, then.
Aiming: Iceblast (will waste charges)
Press: ? - help, Shift-Dir - straight line, f/p - orc priest
Aim: an orc priest, wielding a flail and wearing a chain mail (lightly wounded) That beam is likely to hit you.
Continue anyway?
The mass of ice explodes!
The iceblast engulfs the orc priest.
The orc priest is severely wounded.
The iceblast engulfs you!
You die...

#.##.##.##.#.##.##.
#.....).##......#
#.......##.....##
#.##.##.##.....#
#....##.##.....#
#.>####.##.....#
#.......########
##.###### #@# ##o##
##...###########.
#........o...†...
#......########.#
#.....## ##...##
#####


You could see an orc priest.

Vanquished Creatures
  An orc priest (D:3)
  3 adders
  4 gnolls (D:3)
  2 worms
  2 dart slugs (D:1)
  2 leopard geckos (D:1)
  7 orcs (D:3)
  2 bats (D:1)
  8 giant cockroaches
  9 goblins
  4 hobgoblins
  6 jackals
  5 kobolds
  A quokka (D:3)
  2 frilled lizards
  18 rats
76 creatures vanquished.

Notes
Turn   | Place    | Note
-------+----------+-------------------------------------------
     0 | D:1      | Michaellaneous the Deep Elf Conjurer began the quest for the Orb.
     0 | D:1      | Reached XP level 1. HP: 10/10 MP: 6/6
   206 | D:1      | Reached XP level 2. HP: 15/15 MP: 6/8
   707 | D:1      | Reached skill level 5 in Conjurations
   903 | D:1      | Reached XP level 3. HP: 19/19 MP: 8/10
  1503 | D:1      | Learned a level 2 spell: Searing Ray
  1657 | D:1      | Learned a level 3 spell: Dazzling Spray
  1674 | D:2      | Reached XP level 4. HP: 24/24 MP: 4/12
  2669 | D:3      | Reached XP level 5. HP: 28/28 MP: 5/14
  2684 | D:3      | Reached skill level 5 in Spellcasting
  2879 | D:3      | Killed themself with a badly aimed iceblast

Skill      XL: |  1  2  3  4  5 |
---------------+----------------+-----
Conjurations   | 5 |  5.9
Dodging        | 3 |  3.5
Spellcasting   | 4 5 |  5.2
Stealth        | |  2.4

Action                   |  1- 3 |  4- 6 || total
-------------------------+-------+-------++-------
 Cast: Magic Dart        |    83 |    42 ||   125
       Searing Ray       |     2 |     8 ||    10
       Dazzling Spray    |       |     4 ||     4
  Use: Scroll            |     1 |     4 ||     5
  Eat: Chunk             |     2 |     4 ||     6
Armor: Robe              |     5 |       ||     5
Dodge: Dodged            |    16 |     8 ||    24
